HSSL
MADAWASKA VALLEY HS WOLVES @ ROCKY POINT HS EAGLES
05/24/2026
 
TOP OF THE 1ST
Madawaska Valley HS Wolves batting - Pitching for Rocky Point HS Eagles : RHP Chet Miller
Pitching: RHP Chet Miller
Batting: RHB Adam Carpenter 0-0: Ground out 4-3 (Groundball, 4M)
Batting: SHB Artie Adams 0-0: Ball
1-0: Ground out 6-3 (Groundball, 6M)
Batting: LHB Bob Campbell 0-0: Fly out, F7 (Flyball, 7M)
Top of the 1st over - 0 run(s), 0 hit(s), 0 error(s), 0 left on base; Madawaska Valley HS 0 - Rocky Point HS 0
BOTTOM OF THE 1ST
Rocky Point HS Eagles batting - Pitching for Madawaska Valley HS Wolves : RHP Greg Yager
Pitching: RHP Greg Yager
Batting: RHB Pedro Cháves 0-0: Swinging Strike
0-1: Called Strike
0-2: Ball
1-2: Strikes out swinging
Batting: RHB Jim Sharry 0-0: Ball
1-0: Ball
2-0: Foul Ball, location: 2F
2-1: Foul Ball, location: 2F
2-2: Ball
3-2: Fly out, F5 (Line Drive, 56)
Batting: RHB Joe Lewis 0-0: Foul Ball, location: 2F
0-1: Ball
1-1: Ball
2-1: Ground out 1-3 (Groundball, 13)
Bottom of the 1st over - 0 run(s), 0 hit(s), 0 error(s), 0 left on base; Madawaska Valley HS 0 - Rocky Point HS 0
TOP OF THE 2ND
Madawaska Valley HS Wolves batting - Pitching for Rocky Point HS Eagles : RHP Chet Miller
Batting: SHB Steve Miner 0-0: Ball
1-0: Ball
2-0: Called Strike
2-1: SOLO HOME RUN (Flyball, 9D), Distance : 395 ft
Batting: LHB Marv Gardner 0-0: Ball
1-0: Ball
2-0: Foul Ball, location: 2F
2-1: Ground out U3 (Groundball, 3)
Batting: RHB Enrique Navarro 0-0: Swinging Strike
0-1: Ball
1-1: Bunted foul
1-2: Ball
2-2: Ball
3-2: Foul Ball, location: 2F
3-2: Hit by Pitch
Batting: RHB Leo Snyder 0-0: Ball
1-0: Called Strike
1-1: Foul Ball, location: 2F
1-2: SINGLE (Groundball, 4MD)
Enrique Navarro to second
Batting: RHB David Simmons 0-0: Ball
1-0: Swinging Strike
1-1: SINGLE (Groundball, 5L)
Enrique Navarro to third
Leo Snyder to second
Batting: RHB Weldon Lott 0-0: Swinging Strike
0-1: Ball
1-1: Ball
2-1: Ball
3-1: Called Strike
3-2: Foul Ball, location: 2F
3-2: Strikes out swinging
Batting: RHB Adam Carpenter 0-0: Ball
1-0: Foul Ball, location: 2F
1-1: Called Strike
1-2: Foul Ball, location: 2F
1-2: Fly out, F4 (Popup, 34)
Top of the 2nd over - 1 run(s), 3 hit(s), 0 error(s), 3 left on base; Madawaska Valley HS 1 - Rocky Point HS 0
BOTTOM OF THE 2ND
Rocky Point HS Eagles batting - Pitching for Madawaska Valley HS Wolves : RHP Greg Yager
Batting: SHB Andrés Coronado 0-0: Foul Ball, location: 2F
0-1: Ball
1-1: Ball
2-1: Fly out, F6 (Popup, 6MD)
Batting: LHB Gus Price 0-0: Ball
1-0: Called Strike
1-1: Foul Ball, location: 2F
1-2: Ball
2-2: Strikes out looking
Batting: RHB Fernando Pagán 0-0: Ball
1-0: Foul Ball, location: 2F
1-1: Ball
2-1: Ball
3-1: Foul Ball, location: 2F
3-2: Base on Balls
Batting: RHB John Lindsey 0-0: Called Strike
0-1: Ball
1-1: Called Strike
1-2: Ball
2-2: Ground out 5-3 (Groundball, 5)
Bottom of the 2nd over - 0 run(s), 0 hit(s), 0 error(s), 1 left on base; Madawaska Valley HS 1 - Rocky Point HS 0
TOP OF THE 3RD
Madawaska Valley HS Wolves batting - Pitching for Rocky Point HS Eagles : RHP Chet Miller
Batting: SHB Artie Adams 0-0: Called Strike
0-1: Swinging Strike
0-2: Fly out, F6 (Popup, 4MS)
Batting: LHB Bob Campbell 0-0: Called Strike
0-1: SINGLE (Groundball, 6MD) (infield hit)
Batting: SHB Steve Miner 0-0: Ball
1-0: Called Strike
1-1: Foul Ball, location: 2F
1-2: Foul Ball, location: 2F
1-2: SINGLE (Groundball, 6M)
Bob Campbell to second
Runner from 2nd tries for 3rd, SAFE, no throw or cutoff
Batting: LHB Marv Gardner 0-0: Ball
1-0: Swinging Strike
1-1: Foul Ball, location: 2F
1-2: Ball
2-2: Strikes out looking
Batting: RHB Enrique Navarro 0-0: Ball
1-0: Ball
2-0: Ball
3-0: Base on Balls
Steve Miner to second
Batting: RHB Leo Snyder 0-0: Swinging Strike
0-1: Foul Ball, location: 2F
0-2: Ball
1-2: Ball
2-2: Ball
3-2: Foul Ball, location: 2F
3-2: Strikes out swinging
Top of the 3rd over - 0 run(s), 2 hit(s), 0 error(s), 3 left on base; Madawaska Valley HS 1 - Rocky Point HS 0
BOTTOM OF THE 3RD
Rocky Point HS Eagles batting - Pitching for Madawaska Valley HS Wolves : RHP Greg Yager
Batting: RHB Dave Burkholder 0-0: Ball
1-0: Called Strike
1-1: Called Strike
1-2: Strikes out swinging
Batting: RHB Ramón Garza 0-0: Called Strike
0-1: Called Strike
0-2: Foul Ball, location: 2F
0-2: Ball
1-2: Strikes out swinging
Batting: RHB Pedro Cháves 0-0: Ball
1-0: Ball
2-0: Swinging Strike
2-1: Foul Ball, location: 2F
2-2: Strikes out swinging
Bottom of the 3rd over - 0 run(s), 0 hit(s), 0 error(s), 0 left on base; Madawaska Valley HS 1 - Rocky Point HS 0
TOP OF THE 4TH
Madawaska Valley HS Wolves batting - Pitching for Rocky Point HS Eagles : RHP Chet Miller
Batting: RHB David Simmons 0-0: Called Strike
0-1: Swinging Strike
0-2: Ball
1-2: Ball
2-2: Foul Ball, location: 2F
2-2: Strikes out swinging
Batting: RHB Weldon Lott 0-0: Swinging Strike
0-1: Ball
1-1: Swinging Strike
1-2: Ground out 6-3 (Groundball, 6)
Batting: RHB Adam Carpenter 0-0: Called Strike
0-1: Ball
1-1: Foul Ball, location: 2F
1-2: Ground out 4-3 (Groundball, 34)
Top of the 4th over - 0 run(s), 0 hit(s), 0 error(s), 0 left on base; Madawaska Valley HS 1 - Rocky Point HS 0
BOTTOM OF THE 4TH
Rocky Point HS Eagles batting - Pitching for Madawaska Valley HS Wolves : RHP Greg Yager
Batting: RHB Jim Sharry 0-0: SINGLE (Flyball, 9LS)
Batting: RHB Joe Lewis 0-0: Ball
Jim Sharry is caught stealing 2nd base
1-0: Swinging Strike
1-1: Ball
2-1: Swinging Strike
2-2: Strikes out swinging
Batting: SHB Andrés Coronado 0-0: Ball
1-0: Called Strike
1-1: Foul Ball, location: 2F
1-2: Fly out, F9 (Flyball, 89M)
Bottom of the 4th over - 0 run(s), 1 hit(s), 0 error(s), 0 left on base; Madawaska Valley HS 1 - Rocky Point HS 0
TOP OF THE 5TH
Madawaska Valley HS Wolves batting - Pitching for Rocky Point HS Eagles : RHP Chet Miller
Batting: SHB Artie Adams 0-0: Called Strike
0-1: Ball
1-1: Called Strike
1-2: Strikes out swinging
Pitching: LHP Keith Burns
Batting: LHB Bob Campbell 0-0: Ball
1-0: Swinging Strike
1-1: Fly out, F7 (Line Drive, 78S)
Batting: SHB Steve Miner 0-0: Ball
1-0: SINGLE (Groundball, 4M)
Batting: LHB Marv Gardner 0-0: Ball
1-0: Called Strike
1-1: Swinging Strike
1-2: Ball
2-2: Strikes out swinging
Top of the 5th over - 0 run(s), 1 hit(s), 0 error(s), 1 left on base; Madawaska Valley HS 1 - Rocky Point HS 0
BOTTOM OF THE 5TH
Rocky Point HS Eagles batting - Pitching for Madawaska Valley HS Wolves : RHP Greg Yager
Batting: LHB Gus Price 0-0: Called Strike
0-1: Ball
1-1: Ball
2-1: SINGLE (Groundball, 6MD)
Batting: RHB Fernando Pagán 0-0: Swinging Strike
0-1: Ball
1-1: Foul Ball, location: 2F
1-2: SINGLE (Groundball, 6MD)
Gus Price to second
Batting: RHB John Lindsey 0-0: Foul Ball, location: 2F
0-1: Ball
1-1: Swinging Strike
1-2: Foul Ball, location: 2F
1-2: Foul Ball, location: 2F
1-2: SINGLE (Groundball, 6)
Gus Price to third
Fernando Pagán to second
Runner from 3rd tries for Home, SAFE, no throw or cutoff
Batting: RHB Dave Burkholder 0-0: Called Strike
0-1: SINGLE (Groundball, 6M)
Fernando Pagán to third
John Lindsey to second
Batting: RHB Ramón Garza 0-0: Ball
1-0: Reached on Error, E8 (Flyball, 89M)
Fernando Pagán scores
John Lindsey to third
Dave Burkholder to second
Batting: RHB Pedro Cháves 0-0: Called Strike
0-1: Foul Ball, location: 2F
0-2: Fly out, F9 (Flyball, 89M)
Runner from 3rd tags up, SCORES, throw made
Batting: RHB Jim Sharry 0-0: Called Strike
0-1: Fielders Choice at 2nd, 1-4 (Groundball, 13)
Dave Burkholder to third
Pitching: RHP Terry Gray
Batting: RHB Joe Lewis Pickoff Throw to First - Out!
Bottom of the 5th over - 3 run(s), 4 hit(s), 1 error(s), 0 left on base; Madawaska Valley HS 1 - Rocky Point HS 3
TOP OF THE 6TH
Madawaska Valley HS Wolves batting - Pitching for Rocky Point HS Eagles : LHP Keith Burns
Batting: RHB Enrique Navarro 0-0: Ground out 6-3 (Groundball, 6M)
Batting: RHB Leo Snyder 0-0: Ball
1-0: Swinging Strike
1-1: Fly out, F7 (Flyball, 7M)
Batting: RHB David Simmons 0-0: Called Strike
0-1: Swinging Strike
0-2: Foul Ball, location: 2F
0-2: Foul Ball, location: 2F
0-2: Foul Ball, location: 2F
0-2: Ball
1-2: SINGLE (Line Drive, 6MD)
Batting: RHB Weldon Lott 0-0: Ball
1-0: Called Strike
David Simmons is caught stealing 2nd base
Top of the 6th over - 0 run(s), 1 hit(s), 0 error(s), 0 left on base; Madawaska Valley HS 1 - Rocky Point HS 3
BOTTOM OF THE 6TH
Rocky Point HS Eagles batting - Pitching for Madawaska Valley HS Wolves : RHP Terry Gray
Batting: RHB Joe Lewis 0-0: Foul Ball, location: 2F
0-1: Ball
1-1: Swinging Strike
1-2: Ball
2-2: Fly out, F8 (Flyball, 8RD)
Batting: SHB Andrés Coronado 0-0: Swinging Strike
0-1: Ball
1-1: Ball
2-1: Ball
3-1: Foul Ball, location: 2F
3-2: SINGLE (Line Drive, 7S)
Batting: LHB Gus Price 0-0: Ball
1-0: Ball
2-0: Ball
3-0: Foul Ball, location: 2F
3-1: Fielders Choice at 2nd, 6-4 (Groundball, 6M)
Batting: RHB Fernando Pagán 0-0: Ball
Gus Price is caught stealing 2nd base
Bottom of the 6th over - 0 run(s), 1 hit(s), 0 error(s), 0 left on base; Madawaska Valley HS 1 - Rocky Point HS 3
TOP OF THE 7TH
Madawaska Valley HS Wolves batting - Pitching for Rocky Point HS Eagles : LHP Keith Burns
Batting: RHB Weldon Lott 0-0: Ball
1-0: Called Strike
1-1: Ball
2-1: Reached on error, E6 (Groundball, 6)
Batting: RHB Adam Carpenter 0-0: Ball
1-0: Ball
2-0: Swinging Strike
2-1: Swinging Strike
2-2: Foul Ball, location: 2F
2-2: Foul Ball, location: 2F
2-2: Foul Ball, location: 2F
2-2: Foul Ball, location: 2F
2-2: Foul Ball, location: 2F
2-2: Strikes out looking
Pitching: RHP Gary Thompson
Batting: SHB Artie Adams 0-0: Called Strike
0-1: Foul Ball, location: 2F
0-2: Ground out 1-3 (Groundball, 13S)
Weldon Lott to third
Batting: LHB Bob Campbell 0-0: Foul Ball, location: 2F
0-1: Foul Ball, location: 2F
0-2: Fly out, F8 (Flyball, 8LM)
Top of the 7th over - 0 run(s), 0 hit(s), 1 error(s), 1 left on base; Madawaska Valley HS 1 - Rocky Point HS 3
BOTTOM OF THE 7TH
Rocky Point HS Eagles batting - Pitching for Madawaska Valley HS Wolves : RHP Terry Gray
Batting: RHB Fernando Pagán 0-0: Ball
1-0: Ball
2-0: Ball
3-0: Called Strike
3-1: Base on Balls
Batting: RHB John Lindsey 0-0: Bunted foul
0-1: Bunted foul
0-2: Ball
1-2: Fly out, F9 (Flyball, 89M)
Batting: RHB Dave Burkholder Pickoff Throw to First - Out!
0-0: Ball
1-0: Foul Ball, location: 2F
1-1: Reached on error, E6 (Groundball, 6M)
Batting: RHB Ramón Garza 0-0: Called Strike
0-1: Called Strike
0-2: Ball
1-2: Strikes out looking
Bottom of the 7th over - 0 run(s), 0 hit(s), 1 error(s), 1 left on base; Madawaska Valley HS 1 - Rocky Point HS 3
TOP OF THE 8TH
Madawaska Valley HS Wolves batting - Pitching for Rocky Point HS Eagles : RHP Gary Thompson
Now at C: Josh Conner
Batting: SHB Steve Miner 0-0: Ball
1-0: Ball
2-0: Swinging Strike
2-1: Called Strike
2-2: Strikes out swinging
Batting: LHB Marv Gardner 0-0: Called Strike
0-1: Ball
1-1: Called Strike
1-2: Ground out 4-3 (Groundball, 4)
Batting: RHB Enrique Navarro 0-0: Called Strike
0-1: Ground out U3 (Groundball, 3S)
Top of the 8th over - 0 run(s), 0 hit(s), 0 error(s), 0 left on base; Madawaska Valley HS 1 - Rocky Point HS 3
BOTTOM OF THE 8TH
Rocky Point HS Eagles batting - Pitching for Madawaska Valley HS Wolves : RHP Terry Gray
Pitching: LHP Arthur Warren
Batting: RHB Pedro Cháves 0-0: Called Strike
0-1: SINGLE (Groundball, 5D)
Batting: RHB Jim Sharry 0-0: Bunt missed!
0-1: Ball
1-1: Sac Bunt - play at first, batter OUT! 1-4
Pedro Cháves to second
Batting: RHB Joe Lewis 0-0: Intentional Walk
Pinch Hitting: RHB Andrew Pinto 0-0: Ball
1-0: Ball
2-0: Called Strike
2-1: 3-RUN HOME RUN (Flyball, 7D), Distance : 365 ft
Batting: LHB Gus Price 0-0: Ball
1-0: Ball
2-0: Ball
3-0: Base on Balls
Batting: RHB Fernando Pagán 0-0: Ball
1-0: Ball
2-0: Foul Ball, location: 2F
2-1: Ball
3-1: Foul Ball, location: 2F
3-2: Fly out, F8 (Flyball, 8LM)
Batting: RHB John Lindsey 0-0: Ball
1-0: Swinging Strike
1-1: Foul Ball, location: 2F
1-2: Strikes out swinging
Bottom of the 8th over - 3 run(s), 2 hit(s), 0 error(s), 1 left on base; Madawaska Valley HS 1 - Rocky Point HS 6
TOP OF THE 9TH
Madawaska Valley HS Wolves batting - Pitching for Rocky Point HS Eagles : RHP Gary Thompson
Now at 3B: Andrew Pinto
Batting: RHB Leo Snyder 0-0: Called Strike
0-1: Called Strike
0-2: Strikes out swinging
Batting: RHB David Simmons 0-0: Called Strike
0-1: Ground out 5-3 (Groundball, 5L)
Batting: RHB Weldon Lott 0-0: Called Strike
0-1: Ball
1-1: Foul Ball, location: 2F
1-2: Ball
2-2: Fly out, F9 (Flyball, 9LD)
Top of the 9th over - 0 run(s), 0 hit(s), 0 error(s), 0 left on base; Madawaska Valley HS 1 - Rocky Point HS 6
Monday, December 5th, 2016 - OOTP Baseball 17.12 Build 75